 Dungeon Crawl Stone Soup version 0.29.1-13-g9f3cf754e1 (webtiles) character file.

Game seed: 9900629916477727626

146 MacCMillion the Digger (level 5, -2/28 HPs)
             Began as a Gargoyle Earth Elementalist on Jan 19, 2023.
             Killed by divine providence
             ... invoked by an orc priest
              (12 damage)
             ... on level 4 of the Dungeon.
             The game lasted 00:05:45 (3558 turns).

MacCMillion the Digger (GrEE)                       Turns: 3558, Time: 00:05:46

Health: -2/28      AC:  8    Str: 11    XL:     5   Next: 28%
Magic:  6/8        EV: 11    Int: 18    God:
Gold:   196        SH:  0    Dex: 10    Spells: 4/8 levels left

rFire   + . .      SeeInvis .   u - +0 short sword (elec)
rCold   . . .      Faith    .   (no shield)
rNeg    + . .      Spirit   .   a - +0 robe
rPois   ∞          Reflect  .   c - +0 helmet
rElec   +          Harm     .   g - +0 cloak
rCorr   .          Rampage  .   (no gloves)
Will    .....                   (no boots)
Stlth   ++........              (no amulet)
HPRegen 0.09/turn               s - ring of protection from fire
MPRegen 0.11/turn               (no ring)

@: no status effects
A: sickness immunity, AC +4, negative energy resistance 1, electricity
resistance, torment resistance 1, petrification resistance
a: no special abilities


You were on level 4 of the Dungeon.
You visited 1 branch of the dungeon, and saw 4 of its levels.

You collected 196 gold pieces.

Inventory:

Hand Weapons
 e - a +0 dagger
 u - a +0 short sword of electrocution (weapon)
Armour
 a - a +0 robe (worn)
 c - a +0 helmet (worn)
 g - a +0 cloak (worn)
Jewellery
 h - an amulet of guardian spirit
 s - a ring of protection from fire (left hand)
Scrolls
 d - 3 scrolls of noise {unknown}
 i - a scroll of teleportation {unknown}
 j - 2 scrolls of enchant armour {unknown}
 k - a scroll of poison {unknown}
 l - 3 scrolls of blinking {unknown}
 m - a scroll of amnesia {unknown}
 p - a scroll of butterflies {unknown}
 t - a scroll of silence {unknown}
Potions
 b - a potion of magic
 f - a potion of might {unknown}
 n - a potion of mutation {unknown}
 o - a potion of degeneration {unknown}
 q - a potion of attraction {unknown}
 r - 2 potions of haste {unknown}


   Skills:
 - Level 1.5 Dodging
 - Level 2.1 Stealth
 - Level 2.0 Spellcasting
 + Level 2.8 Conjurations
 - Level 0.7 Transmutations
 + Level 6.1 Earth Magic


You had 4 spell levels left.
You knew the following spells:

 Your Spells              Type           Power      Damage    Failure   Level
a - Sandblast             Erth           46%        2d11      1%          1
b - Stone Arrow           Conj/Erth      34%        3d9       9%          3

Your spell library contained the following spells:

 Spells                   Type           Power      Damage    Failure   Level
 Passwall                 Tmut/Erth      11%        N/A       7%          2
 Petrify                  Tmut/Erth      14%        N/A       41%         4
 Hailstorm                Conj/Ice       6%         3d4       69%         4
 Ice Form                 Ice/Tmut       3%         N/A       83%         4
 Simulacrum               Ice/Necr       0%         N/A       100%        6


Dungeon Overview and Level Annotations

Branches:
Dungeon (4/15)
 Temple: D:4-7

Altars:
Nemelex Xobeh
Sif Muna

Shops:
D:1 (   D:2 (   D:4 (


Innate Abilities, Weirdness & Mutations

You are immune to sickness and miasma.
Your stone body is resilient. (AC +4)
You are immune to poison.
You resist negative energy. (rN+)
You are resistant to electric shocks. (rElec)
You are resistant to unholy torment.
You are immune to petrification.


Message History

You open the door.
Found a war axe.
There is an open door here.
Something unseen opens the door.
You sense a monster nearby.
You see here 13 gold pieces.
An orc is nearby!
An orc is nearby!
The blast of sand hits the orc!!
You kill the orc!
You can't see any susceptible monsters within range! (Use Z to cast anyway.)
You now have 196 gold pieces (gained 13).
There is an open door here.
Things that are here:
a +0 trident; an orc corpse An orc comes into view.
It is wielding a +0 short sword.
An orc is nearby!
An orc comes into view. It is wielding a +0 hand axe.
An orc priest and an orc come into view.
The orc shouts!
You hear a shout!
There is an open door here.
Things that are here:
a +0 trident; an orc corpse You see here a +0 war axe.
The blast of sand hits the orc!
You kill the orc!
The orc priest invokes the aid of Beogh against you.
Beogh smites you!
Ouch! That really hurt!
Unknown command.
The orc hits you with a +0 hand axe.
Unknown command.
Aiming: Sandblast (safe; 1% risk of failure)
Press: ? - help, Q - select action Shift-Dir - straight line, f - orc priest
Aim: an orc priest, wielding a +0 club (83% to hit)
The blast of sand hits the orc priest!
The orc priest is almost dead.
The orc priest calls down the wrath of Beogh upon you.
Beogh smites you!
You die...

#....#......#...'.......#
#....)......#...#.......#
#....#......#...#.......#
#....#...)..###'###'#####
####.#....)......#...#
#.#####+#o....#...# .o.
#.....#...# .....
#.....#..># .......
#@....#...# ..o......
#o....#...# ....o......
'.....#...#
.............#.....#...#
..#)....#...#
######+####'##.....#...##
...................#....#
...................#....#
...................#...##


You could see an orc priest and an orc.

Vanquished Creatures
  4 adders
  3 gnolls (D:4)
  3 dart slugs
  5 orcs
  3 ball pythons
  6 endoplasms
  5 giant cockroaches
  9 goblins
  4 hobgoblins
  4 jackals
  2 quokkas
  4 bats
  2 frilled lizards
  8 kobolds
  6 rats
68 creatures vanquished.

Notes
Turn   | Place    | Note
-------+----------+-------------------------------------------
     0 | D:1      | MacCMillion the Gargoyle Earth Elementalist began the quest
                  | for the Orb.
     0 | D:1      | Reached XP level 1. HP: 10/10 MP: 3/3
   248 | D:1      | Reached skill level 4 in Earth Magic
   374 | D:1      | Reached XP level 2. HP: 15/15 MP: 0/5
   496 | D:1      | Found Iwytull's Weapon Shop.
   991 | D:1      | Reached skill level 5 in Earth Magic
   991 | D:1      | Reached XP level 3. HP: 19/19 MP: 4/6
  1016 | D:1      | Learned a level 3 spell: Stone Arrow
  1141 | D:2      | Found Jysaj's Weapon Boutique.
  1611 | D:2      | Reached skill level 1 in Conjurations
  1945 | D:3      | Reached XP level 4. HP: 24/24 MP: 2/7
  2183 | D:3      | Found a sparkling altar of Nemelex Xobeh.
  2276 | D:3      | Found a shimmering blue altar of Sif Muna.
  2848 | D:4      | Noticed a sky beast
  2848 | D:4      | Found Ikhoren's Weapon Shoppe.
  2970 | D:4      | Reached XP level 5. HP: 28/28 MP: 4/8
  3352 | D:3      | Reached skill level 6 in Earth Magic
  3558 | D:4      | Killed from afar by an orc priest

Illustrated notes

Levels and vault maps discovered:
D:1:      nicolae_arrival_washed_ashore, layout_basic, serial_shops,
          nicolae_shop_crystal, bh_walls_and_bars
D:2:      layout_loops_ring, serial_shops, nicolae_shop_trees,
          nicolae_figureground_pulse
D:3:      layout_basic, mainiacjoe_overflow_small_starburst,
          nicolae_overflow_crystal_walls, st_stairs_5, kennysheep_potato
D:4:      layout_gridville, nicolae_ru_great_annihilating_truth, serial_shops,
          nicolae_shop_bloodbath_and_beyond

Skill      XL: |  1  2  3  4  5 |
---------------+----------------+-----
Earth Magic    | 4 5 6 |  6.1
Conjurations   | 1 2 |  2.8
Dodging        | |  1.5
Stealth        | |  2.1
Spellcasting   | |  2.0
Transmutations | |  0.7

Action                   |  1- 3 |  4- 6 || total
-------------------------+-------+-------++-------
Melee: Dagger            |    14 |     2 ||    16
 Cast: Sandblast         |    50 |    37 ||    87
 Stab: Sleeping          |     1 |       ||     1
Armor: Robe              |     7 |     7 ||    14
Dodge: Dodged            |    19 |     7 ||    26
